 Dungeon Crawl Stone Soup version 0.31-a0-662-g684573625c (webtiles) character file.

Game seed: 15029788644953184841

3513 Iich the Ducker (level 9, -5/130 HPs)
             Began as a Troll Shapeshifter on Aug 31, 2023.
             Was a Believer of Trog.
             Slain by a killer bee (8 damage)
             ... on level 9 of the Dungeon on Sept 1, 2023.
             The game lasted 00:16:21 (6811 turns).

Iich the Ducker (Troll Shapeshifter)                Turns: 6811, Time: 00:16:21

Health: -5/130     AC:  5    Str: 24    XL:     9   Next: 81%
Magic:  8/8        EV: 14    Int:  6    God:    Trog [**....]
Gold:   533        SH:  5    Dex: 25    Spells: 8/8 levels left

rFire   . . .        k - +5 broad axe "Zeuchaew" {holy, *Rage rElec Dex+6}
rCold   . . .        (no shield)
rNeg    . . .        a - +1 animal skin
rPois   +            (helmet currently unavailable)
rElec   +            (cloak currently unavailable)
rCorr   .            (gloves unavailable)
SInv    .            (boots unavailable)
Will    +....        u - amulet "Woaja" {Reflect Harm Drain rPois SH+5} Stlth
                     v - ring of willpower
HPRegen 1.21/turn    E - +6 ring of dexterity
MPRegen 0.11/turn

%: random rage (20%), harm (+30% outgoing, +20% incoming), reflection
@: berserking, lethally poisoned (-5 -> -12), beast-form, very quick
A: beast (slay +3), large, unfitting armour, claws 3, regeneration 1, shaggy fur
1, tough skin 1
a: Begin Untransformation, Renounce Religion, Berserk, Trog's Hand


You were on level 9 of the Dungeon.
You worshipped Trog.
Trog was pleased with you.
You were a hulking beast.
You visited 2 branches of the dungeon, and saw 10 of its levels.

You collected 533 gold pieces.

Inventory:

Hand Weapons
 k - the +5 broad axe "Zeuchaew" (weapon) {holy, *Rage rElec Dex+6}
   (You acquired it on level 5 of the Dungeon)

   Dex+6:     It affects your dexterity (+6).
   rElec:     It insulates you from electricity.
   *Rage:     It berserks you when you make melee attacks (+20% chance).
 w - a +0 giant spiked club of venom
Armour
 a - a +1 animal skin (worn)
 o - a +1 cloak
Jewellery
 m - an amulet of reflection
 n - a ring of flight
 u - the amulet "Woaja" (around neck) {Reflect Harm Drain rPois SH+5}
   (You acquired it on level 4 of the Dungeon)

   [amulet of reflection]

   Reflect:   It reflects blocked missile attacks.
   rPois:     It protects you from poison Drain: It drains your maximum health
   when unequipped.
   SH+5:      It affects your SH (+5).
   Harm:      It increases damage dealt and taken.
 v - a ring of willpower (left claw)
 y - a ring of fire
 z - a ring of ice
 C - a ring of resist corrosion
 E - a +6 ring of dexterity (right claw)
 P - a ring of poison resistance
Talismans
 c - a beast talisman (active)
 d - a flux talisman
 p - a dragon-blood talisman
Wands
 b - a wand of mindburst (31)
 D - a wand of quicksilver (3)
Scrolls
 g - a scroll of fear
 i - a scroll of identify
 j - 2 scrolls of fog
 r - a scroll of poison
 s - a scroll of vulnerability
 t - 5 scrolls of teleportation
 x - a scroll of amnesia
 A - a scroll of revelation {unknown}
 B - 2 scrolls of blinking
Potions
 e - a potion of enlightenment
 f - a potion of might {unknown}
 h - 2 potions of haste
 l - a potion of heal wounds
 q - 2 potions of curing


   Skills:
 + Level 4.8 Fighting
 * Level 4.8 Axes
 + Level 4.5 Armour
 + Level 5.9 Dodging
 - Level 4.9 Unarmed Combat
 + Level 5.9 Shapeshifting


You had 8 spell levels left.
You didn't know any spells.
Your spell library contained the following spells:

 Spells                   Type           Power      Damage    Failure   Level
 Ensorcelled Hibernation  Hex/Ice        0%         N/A       58%         2
 Wereblood                Tmut           0%         N/A       58%         2
 Anguish                  Hex/Necr       0%         N/A       99%         4
 Irradiate                Conj/Tmut      0%         3d11      100%        5


Dungeon Overview and Level Annotations

Branches:
Dungeon (9/15)             Temple (1/1) D:6
   Lair: D:8-11         Orc: D:9-12

Altars:
Ashenzari
Cheibriados
Dithmenos
Elyvilon
Fedhas
Gozag
Hepliaklqana
Kikubaaqudgha
Makhleb
Nemelex Xobeh
Okawaru
Qazlal
Ru
Sif Muna
Trog
Uskayaw
Vehumet
Wu Jian
Xom
Yredelemnul
Zin
The Shining One


Innate Abilities, Weirdness & Mutations

You are a hulking beast.
Your limbs bulge with bestial killing power. (Slay +3)
You are too large for most types of armour.
You have claws for hands.
Your natural rate of healing is unusually fast.
You are covered in fur. (AC +1)
You have tough skin. (AC +1)


Message History

* * * LOW HITPOINT WARNING * * *
The killer bee stings you.
* * * LOW HITPOINT WARNING * * *
The killer bee barely misses you. The wyvern misses you.
The killer bee closely misses you. The killer bee stings you!
* * * LOW HITPOINT WARNING * * *
You are more poisoned.
The killer bee poisons you! The wyvern bites you.
* * * LOW HITPOINT WARNING * * *
You now have 31/127 hp.
Unknown command.
You are too berserk!
You slice the wyvern!!
You kill the wyvern!
Trog accepts your kill.
You closely miss the killer bee. You completely miss the killer bee.
You feel very sick. The killer bee closely misses you.
The killer bee stings you but does no damage.
The killer bee barely misses you. The killer bee stings you.
* * * LOW HITPOINT WARNING * * *
You take 4 damage, and have 27/130 hp.
You closely miss the killer bee.
The killer bee is almost dead.
You slash the killer bee!
You feel sick. The killer bee closely misses you.
The killer bee barely misses you. The killer bee stings you!
* * * LOW HITPOINT WARNING * * *
The killer bee stings you but does no damage.
You take 10 damage, and have 17/130 hp.
You miss the killer bee.
The killer bee is almost dead.
You closely miss the killer bee.
You feel sick. The killer bee stings you.
* * * LOW HITPOINT WARNING * * *
You are more poisoned.
The killer bee poisons you! The killer bee stings you.
* * * LOW HITPOINT WARNING * * *
The killer bee stings you!
* * * LOW HITPOINT WARNING * * *
The killer bee stings you!
You die...

##.###...... ..
####........... #.#
............... ...
####.............# ...
#................#
#.##....#..#...#.###.
#..[......##...#.# #.
##y†...# ##..##.###.
#.)h..####...##.....
#..:#y..#......##.###.
....#
#..............##. ..>
##...(#..[.....##. .
.....####........##.
###..# #........##.
#.## #........### ##
#........# #........#


You could see 2 killer bees.

Vanquished Creatures
  Pikel (D:4)
  3 wyverns
  A black bear (D:4)
  An orc warrior (D:7)
  2 ice beasts
  2 ogres
  2 centaurs
  2 phantoms
  5 bullfrogs
  A gnoll sergeant (D:8)
  2 scorpions
  3 wights (D:8)
  6 killer bees
  2 howler monkeys
  4 hounds
  Crazy Yiuf (D:4)
  2 orc priests (D:7)
  2 jellies
  2 iguanas (D:7)
  2 sleepcaps (D:6)
  4 orc wizards
  Robin (D:2)
  8 gnolls
  6 adders
  4 white imps
  2 worms
  2 dart slugs
  23 orcs
  4 endoplasms
  5 giant cockroaches
  12 goblins
  8 hobgoblins
  4 quokkas
  9 ball pythons
  6 bats
  4 frilled lizards
  6 kobolds
  6 rats
160 creatures vanquished.

Notes
Turn   | Place    | Note
-------+----------+-------------------------------------------
     0 | D:1      | Iich the Troll Shapeshifter began the quest for the Orb.
     0 | D:1      | Reached XP level 1. HP: 18/18 MP: 0/0
    58 | D:1      | Upgraded the game from 0.31-a0-656-gb4d89c20fa to
                  | 0.31-a0-662-g684573625c
   156 | D:1      | Reached skill level 1 in Fighting
   166 | D:1      | Reached XP level 2. HP: 27/27 MP: 1/1
   923 | D:2      | Noticed Robin
   936 | D:1      | Reached XP level 3. HP: 26/33 MP: 2/2
  1202 | D:2      | Killed Robin
  1272 | D:2      | Reached XP level 4. HP: 41/41 MP: 3/3
  1854 | D:3      | Found a hide-covered altar of Uskayaw.
  1872 | D:3      | Reached skill level 1 in Armour
  1956 | D:3      | Reached XP level 5. HP: 49/49 MP: 4/4
  1973 | D:3      | Found an ancient bone altar of Kikubaaqudgha.
  2677 | D:4      | Found a runed translucent door.
  2678 | D:4      | Noticed Crazy Yiuf
  2778 | D:4      | Noticed a lemure
  2778 | D:4      | Noticed Pikel
  2779 | D:4      | Noticed a lemure
  2779 | D:4      | Noticed a lemure
  2780 | D:4      | Noticed a lemure
  2797 | D:4      | Killed Pikel
  2798 | D:4      | Reached XP level 6. HP: 21/59 MP: 5/5
  2798 | D:4      | Reached XP level 7. HP: 24/66 MP: 6/6
  3008 | D:4      | Identified a scroll of acquirement
  3020 | D:4      | Acquired the amulet "Woaja" {Reflect Harm Drain rPois SH+5}
  3549 | D:4      | Killed Crazy Yiuf
  3604 | D:5      | Entered Level 5 of the Dungeon
  3861 | D:5      | Reached XP level 8. HP: 49/75 MP: 7/7
  3904 | D:5      | Identified the +0 pair of gloves "Pawabb" {rElec Will+
                  | rCorr Str+5 Dex-2}
  3961 | D:5      | Acquired the +5 broad axe "Zeuchaew" {holy, *Rage rElec
                  | Dex+6}
  4115 | D:5      | Found an ornate altar of the Wu Jian Council.
  4115 | D:5      | Found a sparkling altar of Nemelex Xobeh.
  4123 | D:5      | Found a faded altar of an unknown god.
  4125 | D:5      | Found a sacrificial altar of Ru.
  4127 | D:5      | Found a faded altar of an unknown god.
  4215 | D:6      | Found a staircase to the Ecumenical Temple.
  4229 | Temple   | Entered the Ecumenical Temple
  4253 | Temple   | Became a worshipper of Trog the Wrathful
  4430 | D:6      | Identified the +1 long sword of the Known World {flame,
                  | Int+3 SInv}
  4568 | D:6      | Reached skill level 1 in Axes
  4625 | D:6      | Reached skill level 5 in Dodging
  4847 | D:6      | Reached skill level 5 in Shapeshifting
  5719 | D:7      | Reached XP level 9. HP: 84/84 MP: 8/8
  5729 | D:7      | Reached * piety under Trog
  6401 | D:8      | Found a hazy altar of Hepliaklqana.
  6417 | D:8      | Found a glowing golden altar of the Shining One.
  6422 | D:8      | Found a broken altar of Ashenzari.
  6430 | D:8      | Found an iron altar of Okawaru.
  6443 | D:8      | Found a radiant altar of Vehumet.
  6561 | D:8      | Reached ** piety under Trog
  6811 | D:9      | HP: 3/130 [killer bee (8)]
  6811 | D:9      | Slain by a killer bee

Illustrated notes

Levels and vault maps discovered:
D:1:      dpeg_arrival_chambers_temple_mockup, layout_basic
D:2:      layout_loops_cross, uniq_robin
D:3:      layout_basic, lemuel_tele_altar, nicolae_uskayaw_suspiria,
          hangedman_decor_push, minivault_27
D:4:      layout_cave_pods, uniq_pikel, uniq_crazy_yiuf_cottage
D:5:      layout_rooms, chequers_temple_overflow_minitemple,
          chequers_serial_rivers_micro_a, minmay_misc_feat_doors,
          nicolae_concentric_dashed_squares_wild, st_stairs_4,
          grunt_ministairs_13
D:6:      layout_layer_cave, minmay_temple_entry_offerings,
          kennysheep_flooded_box
D:7:      layout_cave_pools
D:8:      layout_basic, nicolae_overflow_macrodata_refinement,
          overflow_temple_1_default
D:9:      layout_rooms, nicolae_shop_clearance
Temple:   hc_temple_tempest_star

Skill      XL: |  1  2  3  4  5  6  7  8  9 |
---------------+----------------------------+-----
Fighting       | 1 2 3 4 |  4.8
Dodging        | 2 4 5 |  5.9
Armour         | 1 2 3 4 |  4.5
Unarmed Combat | 4 |  4.9
Shapeshifting  | 4 5 |  5.9
Axes           | 3 4 |  4.8

Action                     |  1- 3 |  4- 6 |  7- 9 || total
---------------------------+-------+-------+-------++-------
  Melee: Unarmed           |    82 |    93 |    51 ||   226
         Punch             |     1 |     3 |     8 ||    12
         Broad axe         |       |       |   123 ||   123
 Invoke: Berserk           |       |       |     1 ||     1
    Use: Scroll            |       |     8 |    12 ||    20
         Potion            |       |     2 |     3 ||     5
   Stab: Sleeping          |       |     2 |     1 ||     3
 Armour: Animal skin       |    63 |    60 |   120 ||   243
         Skin              |       |     5 |       ||     5
  Dodge: Dodged            |    34 |    45 |   131 ||   210
  Block: Other             |       |       |    58 ||    58
         Reflection        |       |       |     4 ||     4
   Form: Dragon            |       |     1 |       ||     1
         Beast             |       |     1 |       ||     1

Table legend: (Time is in decaauts)
 A = Elapsed time spent in this place.
 B = Non-inter-level travel time spent in this place.
 C = Inter-level travel time spent in this place.
 D = Time resting spent in this place.
 E = Time spent auto-exploring this place.
 F = Levels seen in this place.
 G = Mean time per level.
                   A        B        C        D        E       F      G
               +--------+--------+--------+--------+--------+-----+--------+
         Total |   6956 |   6759 |    197 |    772 |   4855 |  10 |  695.6 |
       Dungeon |   6918 |   6721 |    197 |    772 |   4855 |   9 |  768.7 |
        Temple |     38 |     38 |      0 |      0 |      0 |   1 |   38.0 |
               +--------+--------+--------+--------+--------+-----+--------+

Top non-repeatable levels by time:
     D:6: 1347 daAuts
     D:1: 1185 daAuts
     D:4: 1136 daAuts
     D:8: 794 daAuts
     D:3: 676 daAuts
     D:2: 606 daAuts
     D:5: 588 daAuts
     D:7: 532 daAuts
     D:9: 51 daAuts
  Temple: 38 daAuts
